 Dungeon Crawl Stone Soup version 0.19-a0-659-g8260ecf (webtiles) character file.

56 Stormphoenix the Covert (level 3, 0/32 HPs)
             Began as a Naga Assassin on June 15, 2016.
             Succumbed to an adder's poison
             ... on level 2 of the Dungeon.
             The game lasted 00:03:14 (2039 turns).

Stormphoenix the Covert (Naga Assassin)             Turns: 2039, Time: 00:03:15

Health: 0/32       AC:  3    Str: 14    XL:     3   Next: 95%
Magic:  3/3        EV:  9    Int: 11    God:
Gold:   125        SH:  0    Dex: 12    Spells: 0 memorised, 2 levels left

rFire  . . .     SeeInvis +     i - -1 dagger (curse)
rCold  . . .     Gourm    .     c - +0 robe
rNeg   . . .     Faith    .     (no shield)
rPois  +         Spirit   .     (no helmet)
rElec  .         Dismiss  .     d - +0 cloak
rCorr  .         Reflect  .     (no gloves)
SustAt .         Harm     .     (no barding)
MR     +....                    (no amulet)
Stlth  ++++......               p - -2 ring of slaying (curse)
                                k - ring of protection from magic

@: lethally poisoned (0 -> -4), drained, very slow, somewhat resistant to
hostile enchantments, stealthy
A: see invisible, deformed body, poison resistance, slowness 2, slow metabolism
1, spit poison 2, AC +1
a: Spit Poison


You were on level 2 of the Dungeon.
You were hungry.

You visited 1 branch of the dungeon, and saw 2 of its levels.

You collected 125 gold pieces.

Inventory:

Hand Weapons
 a - a +2 dagger
 b - a +0 blowgun
 i - a cursed -1 dagger (weapon)
 j - a +2 dagger of electrocution
Missiles
 e - 8 poisoned needles
 f - 2 curare-tipped needles
 o - 6 needles of sleeping
Armour
 c - a +0 robe (worn)
 d - a +0 cloak (worn)
Jewellery
 k - a ring of protection from magic (left hand)
 n - an uncursed ring of protection from fire
 p - a cursed -2 ring of slaying (right hand)
Comestibles
 g - 2 bread rations
 m - a meat ration


   Skills:
 - Level 2.0(0.9) Fighting
 - Level 2.0(0.9) Short Blades
 - Level 1.7(0.7) Throwing
 - Level 0.7(0.0) Dodging
 + Level 8.2(6.9) Stealth


You had 2 spell levels left.
You didn't know any spells.

Dungeon Overview and Level Annotations

Branches:
Dungeon (2/15)

Altars:


Innate Abilities, Weirdness & Mutations

You cannot wear boots.
Your serpentine skin is tough. (AC +1)
You have supernaturally acute eyesight. (SInv)
Armour fits poorly on your strangely shaped body.
Your system is resistant to poisons. (rPois)
You cover ground very slowly.
You have a slow metabolism.
You can spit poison.


Message History

The adder closely misses you.
You closely miss the adder.
The adder is moderately wounded.
The adder bites you but does no damage.
You aren't carrying any potions.
You aren't carrying any potions.
You aren't carrying any potions.
You miss the adder.
The adder is moderately wounded.
You float gracefully downwards.
The adder completely misses you. The adder closely misses you.
You miss the adder.
The adder is moderately wounded.
The adder bites you.
* * * LOW HITPOINT WARNING * * *
You are lethally poisoned!
The adder poisons you!
You closely miss the adder.
The adder is moderately wounded.
You die...

...##.#..........##.
#...........###.
#....!.....###..
#.#..##.#<## #.. #
#.#.....# # #.. #.##
#.#.##..# #.. #....
#..#. ....####..
#.....###.###
.#.......
#....sS@?##
.........
#.)...##..# #.......
#.... #...# ######..
#### ###..# #.. .##
#.. .# #.. #
######.. ........
..####..


You could see an adder and a giant cockroach.

Vanquished Creatures
  An adder (D:2)
  A dart slug (D:1)
  A giant gecko (D:1)
  6 giant cockroaches
  5 goblins (D:1)
  6 hobgoblins
  5 kobolds
  4 bats
  13 rats
42 creatures vanquished.

Notes
Turn   | Place    | Note
--------------------------------------------------------------
     0 | D:1      | Stormphoenix the Naga Assassin began the quest for the Orb.
     0 | D:1      | Reached XP level 1. HP: 19/19 MP: 1/1
    37 | D:1      | Reached skill level 6 in Stealth
   108 | D:1      | Reached XP level 2. HP: 7/26 MP: 2/2
   631 | D:1      | Reached skill level 7 in Stealth
   821 | D:1      | Reached XP level 3. HP: 32/32 MP: 3/3
  1772 | D:2      | Reached skill level 8 in Stealth
  2038 | D:2      | HP: 1/32 [adder (4)]
  2039 | D:2      | Succumbed to an adder's poison

Vault maps used:
D:1:      minmay_arrival_floating_metal, minmay_misc_feat_room
D:2:      minmay_rat_gold_closets

Skill      XL: |  1  2  3 |
---------------+----------+-----
Stealth        | 6 7 8 |  8.2
Fighting       | |  2.0
Short Blades   | |  2.0
Throwing       | |  1.7
Dodging        | |  0.7

Action                   || total
-------------------------++-------
Melee: Dagger            ||   154
  Use: Scroll            ||     5
       Potion            ||     4
 Stab: Sleeping          ||    12
  Eat: Beef jerky        ||     1
       Chunk             ||     1
Armor: Robe              ||    43
Dodge: Dodged            ||    87
